 Dungeon Crawl Stone Soup version 0.29-a0-824-gd827844252 (webtiles) character file.

Game seed: 1729668643317099743

1271 Malachi the Fighter (level 8, -8/67 HPs)
             Began as a Djinni Gladiator on July 9, 2022.
             Was a Follower of the Shining One.
             Mangled by a gnoll sergeant
             ... wielding a +1 spear of electrocution
              (9 damage)
             ... on level 5 of the Dungeon.
             The game lasted 00:05:46 (4550 turns).

Malachi the Fighter (Djinni Gladiator)              Turns: 4550, Time: 00:05:46

Health: -8/67      AC:  6    Str: 13    XL:     8   Next: 83%
Gold:   280        EV: 14    Int: 12    God:    the Shining One [*.....] SH:  0 Dex: 21

rFire   + + +      SeeInvis .   l - +7 club (spect)
rCold   + . .      Faith    .   (no shield)
rNeg    . . .      Spirit   .   C - +2 robe {rC+}
rPois   ∞          Reflect  .   o - +0 helmet
rElec   .          Harm     .   m - scarf {rC+ rF+}
rCorr   .          Rampage  .   (no gloves)
Will    .....                   (boots unavailable)
Stlth   +.........              (no amulet)
HPRegen 0.21/turn               p - +6 ring of dexterity
MPRegen 0.00/turn               (no ring)

@: mighty, brilliant, attractive, flying, hasted, glowing, very quick
A: sickness immunity, fire resistance 2, cold vulnerability 1, float, innate
caster, HP casting, extra vitality 1, shaggy fur 1
a: Renounce Religion, Divine Shield


You were on level 5 of the Dungeon.
You worshipped the Shining One.
The Shining One was aware of your devotion.
You visited 1 branch of the dungeon, and saw 5 of its levels.

You collected 280 gold pieces.

Inventory:

Hand Weapons
 a - a +0 long sword
 l - a +7 spectral club (weapon)
Missiles
 d - 3 throwing nets (quivered)
 e - a javelin
Armour
 m - a scarf of resistance (worn)
 o - a +0 helmet (worn)
 u - a +1 cloak of preservation
 C - a +2 robe of cold resistance (worn)
Jewellery
 p - a +6 ring of dexterity (left hand)
 w - a ring of see invisible
Wands
 y - a wand of flame (13)
Scrolls
 b - a scroll of fog {unknown}
 f - 2 scrolls of identify {unknown}
 h - a scroll of fear {unknown}
 i - a scroll of teleportation {unknown}
 k - a scroll of noise {unknown}
 n - a scroll of enchant weapon {unknown}
 q - a scroll of magic mapping {unknown}
 s - 2 scrolls of immolation {unknown}
 t - 2 scrolls of poison {unknown}
Potions
 j - a potion of haste
 z - a potion of resistance
 A - a potion of flight {unknown}
 B - 2 potions of curing {unknown}


   Skills:
 * Level 9.6 Fighting
 - Level 4.0 Long Blades
 - Level 1.5 Throwing
 - Level 0.1 Armour
 - Level 3.5 Dodging


You had one spell level left.
You knew the following spells:

 Your Spells              Type           Power      Damage    Failure   Level
a - Beastly Appendage     Tmut           0%         N/A       32%         1
b - Ensorcelled Hibernat  Hex/Ice        0%         N/A       45%         2
c - Call Canine Familiar  Summ           0%         N/A       69%         3
Your spell library was empty.

Dungeon Overview and Level Annotations

Branches:
Dungeon (5/15)
 Temple: D:4-7

Altars:
Ashenzari
Dithmenos
Fedhas
Makhleb
Okawaru
Ru
Yredelemnul
The Shining One

Annotations:
D:5 1 transporter, Querens's ghost, novice MeFi


Innate Abilities, Weirdness & Mutations

You are immune to sickness and miasma.
You are immune to poison.
Your flesh is very heat resistant. (rF++)
You are vulnerable to cold. (rC-)
You float through the air rather than walking.
You learn spells naturally, not from books.
Your magical power is your life essence.
You have superior vitality. (+4 MHP)
You are covered in fur. (AC +1)


Message History

The gnoll bouda barks out a call to the hunt!
The gnolls pick up the pace!
The gnoll sergeant hits you from afar with a +0 spear.
* * * LOW HITPOINT WARNING * * *
The gnoll sergeant completely misses you.
The gnoll attacks as you move away! The gnoll hits you with a +0 flail.
* * * LOW HITPOINT WARNING * * *
The gnoll sergeant drinks a potion.
The gnoll sergeant suddenly seems more resistant.
It was a potion of attraction.
You feel attractive to monsters. The gnoll is attracted toward you. x2
The gnoll bouda is attracted toward you.
The gnoll sergeant is attracted toward you.
The gnoll attacks as you move away! The gnoll completely misses you.
The gnoll hits you with a +0 flail.
* * * LOW HITPOINT WARNING * * *
It was a potion of haste.
You feel yourself speed up.
Your attacks no longer feel as feeble.
The gnoll sergeant hits you from afar with a +0 spear!
The Shining One protects you from harm! The gnoll sergeant misses you.
The gnoll hits you with a +0 flail.
* * * LOW HITPOINT WARNING * * *
Okay, then.
It was a potion of mutation.
You feel extremely strange. Fur sprouts all over your body.
It was a potion of brilliance.
You feel clever all of a sudden.
The gnoll sergeant hits you from afar with a +0 spear.
* * * LOW HITPOINT WARNING * * *
The gnoll barely misses you. The gnoll sergeant closely misses you.
It was a potion of might.
You feel very mighty all of a sudden. The gnoll sergeant barely misses you.
The gnoll bouda barks out a call to the hunt!
The gnoll sergeant picks up the pace!
The gnoll sergeant hits you from afar with a +1 spear of electrocution.
* * * LOW HITPOINT WARNING * * *
You are electrocuted!
You die...

######################
#....................#
#..≈≈≈≈≈≈≈≈≈≈≈≈≈≈≈≈≈.#
#..≈≈≈≈≈≈≈≈≈≈≈≈≈≈≈≈≈.#########
#..≈≈####.....####≈≈.........#
#..≈≈#..#8###8#..#≈≈..######.##
#..≈≈#8.###.###.8#≈≈..# #...
#..≈≈#...........#≈≈..# ####
#..≈≈###.##'##@###≈≈..# ####
#..≈≈..#.#..g#g#..≈≈)## #...
#..≈≈.##.'.gggg##.≈≈.# #...
#..≈≈.#©.#..g#g.#.≈≈.# #...
#..≈≈.##.##g##.##.≈≈.#######.#.
#..≈≈..#.#...#.#......#........
#..≈≈.©#('.©.).#©.....#.####...
#..≈≈..#.#8⌠8#.#.........# #...
#..≈≈.##.#####.##.≈≈.##..# ###.


You could see 3 gnoll sergeants, a gnoll bouda and 5 gnolls.

Vanquished Creatures
  Grinder (D:5)
  Sigmund (D:5)
  An ice beast (D:5)
  An ogre (D:5)
  A phantom (D:5)
  Blork the orc (D:5)
  2 necrophages (D:5)
  A scorpion (D:5)
  A howler monkey (D:5)
  A crimson imp (D:3)
  4 hounds
  Jessica (D:2)
  3 iguanas
  3 adders
  2 worms
  A dart slug (D:1)
  7 orcs
  4 bats
  10 endoplasms
  A giant cockroach (D:4)
  5 goblins
  4 hobgoblins
  6 kobolds
  2 quokkas
  5 ball pythons
  2 frilled lizards (D:3)
  A goblin skeleton (D:3)
  3 hobgoblin zombies (D:3)
  An orc zombie (D:3)
  4 rats
80 creatures vanquished.

Vanquished Creatures (others)
  A gnoll (D:5)
  6 plants (D:5)
7 creatures vanquished.

Grand Total: 87 creatures vanquished

Notes
Turn   | Place    | Note
-------+----------+-------------------------------------------
     0 | D:1      | Malachi the Djinni Gladiator began the quest for the Orb.
     0 | D:1      | Reached XP level 1. HP: 18/18 MP: 0/0
   348 | D:1      | Reached XP level 2. HP: 21/23 MP: 0/0
   835 | D:1      | Found a faded altar of an unknown god.
   840 | D:1      | Reached XP level 3. HP: 23/28 MP: 0/0
   840 | D:1      | Learned a level 1 spell: Beastly Appendage
  1080 | D:2      | Noticed Jessica
  1088 | D:2      | Killed Jessica
  1089 | D:2      | Reached XP level 4. HP: 7/33 MP: 0/0
  2051 | D:3      | Found a glowing golden altar of the Shining One.
  2058 | D:3      | Reached skill level 3 in Fighting
  2058 | D:3      | Reached XP level 5. HP: 37/40 MP: 0/0
  2058 | D:3      | Learned a level 2 spell: Ensorcelled Hibernation
  2216 | D:3      | Became a worshipper of the Shining One
  2317 | D:3      | Reached skill level 4 in Fighting
  2384 | D:3      | Found a blossoming altar of Fedhas.
  2676 | D:4      | Reached XP level 6. HP: 39/48 MP: 0/0
  2747 | D:4      | Noticed a human
  2748 | D:4      | Found a runed translucent door.
  2840 | D:4      | Found a basalt altar of Yredelemnul.
  3029 | D:4      | Reached skill level 5 in Fighting
  3066 | D:4      | Found a sacrificial altar of Ru.
  3226 | D:4      | Found a burning altar of Makhleb.
  3235 | D:5      | Entered Level 5 of the Dungeon
  3301 | D:5      | Reached skill level 6 in Fighting
  3301 | D:5      | Reached XP level 7. HP: 37/56 MP: 0/0
  3301 | D:5      | Learned a level 3 spell: Call Canine Familiar
  3449 | D:5      | Found a shadowy altar of Dithmenos.
  3505 | D:5      | Found a transporter.
  3556 | D:5      | Reached * piety under the Shining One
  3557 | D:5      | Found a transporter.
  3568 | D:5      | Identified the +0 buckler "Roiffavi" {Will- Int+10}
  3583 | D:5      | Identified the ring "Ubly" {rN+ Dex+3 Stlth+}
  3589 | D:5      | Noticed Querens's ghost (novice MeFi)
  3689 | D:5      | Found an iron altar of Okawaru.
  3791 | D:5      | Found a broken altar of Ashenzari.
  3808 | D:5      | Noticed Grinder
  3818 | D:5      | Paralysed by Grinder for 3 turns
  3826 | D:5      | Paralysed by Grinder for 5 turns
  3837 | D:5      | Killed Grinder
  3838 | D:5      | Reached skill level 7 in Fighting
  3838 | D:5      | Reached XP level 8. HP: 10/65 MP: 0/0
  4143 | D:5      | Reached skill level 8 in Fighting
  4320 | D:5      | Noticed Sigmund
  4322 | D:5      | Noticed Blork the orc
  4329 | D:5      | Killed Sigmund
  4330 | D:5      | Reached skill level 9 in Fighting
  4333 | D:5      | Killed Blork the orc
  4547 | D:5      | The Shining One protects you from harm!
  4547 | D:5      | HP: 2/67 [gnoll/+0 flail (3)]
  4548 | D:5      | Gained mutation: You are covered in fur. (AC +1) [potion of
                  | mutation]
  4550 | D:5      | Mangled by a gnoll sergeant

Illustrated notes

Levels and vault maps discovered:
D:1:      wander_arrival_lonely_grave, layout_loops_ring,
          hellmonk_ecumenical_altar_prayer_group
D:2:      layout_loops_cross, uniq_jessica
D:3:      layout_basic, mainiacjoe_overflow_boulevard,
          nicolae_tso_besieged_by_evil
D:4:      layout_rooms, kennysheep_mini_moat, pf_just_have_faith,
          dk_yredelemnul_ordeal
D:5:      layout_loops_ring, vehumet_altar_wand_db, nicolae_ashenzari_skybound,
          kennysheep_little_box, lemuel_coloured_pillars_altar,
          gammafunk_ghost_gnarly_gnolls, uniq_blork_the_orc, uniq_grinder,
          uniq_sigmund

Skill      XL: |  1  2  3  4  5  6  7  8 |
---------------+-------------------------+-----
Long Blades    | 3 4 |  4.0
Fighting       | 3 4 6 7 9 |  9.6
Throwing       | |  1.5
Armour         | |  0.1
Dodging        | |  3.5

Action                   |  1- 3 |  4- 6 |  7- 9 || total
-------------------------+-------+-------+-------++-------
Melee: Long sword        |    49 |       |       ||    49
       Club              |       |    72 |    51 ||   123
       Punch             |       |     1 |     1 ||     2
  Use: Potion            |       |       |     6 ||     6
 Stab: Sleeping          |     2 |       |       ||     2
Armor: Leather armour    |    22 |       |       ||    22
       Ring mail         |       |    13 |     8 ||    21
       Robe              |       |       |     1 ||     1
Dodge: Dodged            |    31 |    37 |    43 ||   111

Table legend: (Time is in decaauts)
 A = Elapsed time spent in this place.
 B = Non-inter-level travel time spent in this place.
 C = Inter-level travel time spent in this place.
 D = Time resting spent in this place.
 E = Time spent auto-exploring this place.
 F = Levels seen in this place.
 G = Mean time per level.
                   A        B        C        D        E       F      G
               +--------+--------+--------+--------+--------+-----+--------+
         Total |   4597 |   4378 |    219 |    735 |   2974 |   5 |  919.4 |
       Dungeon |   4597 |   4378 |    219 |    735 |   2974 |   5 |  919.4 |
               +--------+--------+--------+--------+--------+-----+--------+

Top non-repeatable levels by time:
     D:5: 1278 daAuts
     D:1: 1023 daAuts
     D:2: 1002 daAuts
     D:3: 668 daAuts
     D:4: 626 daAuts
